 Dungeon Crawl Stone Soup version 0.32-a0-38-gb04dd89b9b (webtiles) character file.

Game seed: 11536580747891125474

0 DiggyJ the Conjurer (level 1, 0/10 HPs)
             Began as a Tengu Conjurer on Jan 23, 2024.
             Slain by a kobold
             ... wielding a +0 whip
              (4 damage)
             ... on level 1 of the Dungeon.
             The game lasted 00:00:12 (96 turns).

DiggyJ the Conjurer (Tengu Conjurer)                  Turns: 96, Time: 00:00:13

Health: 0/10       AC:  2    Str:  7    XL:     1   Next: 10%
Magic:  4/4        EV: 12    Int: 18    God:
Gold:   0          SH:  0    Dex: 12    Spells: 3/4 levels left

rFire   . . .        (no weapon)
rCold   . . .        (no shield)
rNeg    . . .        a - +0 robe
rPois   .            (helmet restricted)
rElec   .            (no cloak)
rCorr   .            (no gloves)
SInv    .            (boots unavailable)
Will    .....        (no amulet)
Stlth   ++           (no ring)
HPRegen 0.21/turn    (no ring)
MPRegen 0.09/turn

%: acrobat
@: no status effects
A: beak, talons 3, acrobatic
a: no special abilities


You were on level 1 of the Dungeon.
You visited 1 branch of the dungeon, and saw 1 of its levels.

Inventory:

Armour
 a - a +0 robe (worn)
Potions
 b - a potion of magic


   Skills:
 + Level 2.1 Dodging
 + Level 2.0 Stealth
 + Level 2.0 Spellcasting
 + Level 5.3 Conjurations


You had 3 spell levels left.
You knew the following spells:

 Your Spells              Type           Power      Damage    Failure   Level
a - Magic Dart            Conj           84%        1d7       1%          1

Your spell library contained the following spells:

 Spells                   Type           Power      Damage    Failure   Level
 Searing Ray              Conj           42%        2d6       3%          2
 Fulminant Prism          Conj/Alch      5%         3d7       52%         4
 Iskenderun's Mystic Bla  Conj/Tloc      11%        2d4       52%         4


Dungeon Overview and Level Annotations

Branches:
Dungeon (1/15)

Altars:


Innate Abilities, Weirdness & Mutations

You have a beak for a mouth.
You have claws for feet.
You can magically evade attacks while moving or waiting.


Message History

The hobgoblin shouts!
The hobgoblin misses you. The kobold attacks as it pursues you!
The kobold hits you with a +0 whip.
A rat and a frilled lizard come into view.
Found a spear.
The frilled lizard hisses angrily.
The kobold attacks as it pursues you! The kobold hits you with a +0 whip.
The rat bites you. The kobold attacks as it pursues you! The kobold misses you.
A kobold comes into view. It is wielding a +0 dagger.
Found a scale mail.
The kobold shouts!
The kobold attacks as it pursues you! The kobold misses you.
A rat comes into view.
The kobold attacks as it pursues you! The kobold misses you.
The kobold attacks as it pursues you! The kobold closely misses you.
The kobold completely misses you. The rat misses you.
The rat completely misses you. The rat completely misses you.
The kobold completely misses you.
You hit the hobgoblin but do no damage.
You claw the hobgoblin, but do no damage.
The rat bites you but does no damage. The hobgoblin closely misses you.
The hobgoblin hits you but does no damage.
The kobold barely misses you.
You hit the hobgoblin but do no damage. You claw the hobgoblin.
You peck the hobgoblin, but do no damage.
The hobgoblin is lightly wounded.
The rat bites you. The rat closely misses you. The hobgoblin hits you.
The hobgoblin barely misses you. The kobold closely misses you.
You closely miss the hobgoblin.
You punch the hobgoblin, but do no damage.
The hobgoblin is lightly wounded.
The rat barely misses you. The rat bites you but does no damage.
The hobgoblin closely misses you. The hobgoblin hits you.
The kobold misses you.
You hit the hobgoblin.
The hobgoblin is heavily wounded.
The rat barely misses you. The rat misses you. The hobgoblin barely misses you.
The hobgoblin closely misses you. The kobold hits you with a +0 whip.
You die...

....## #.#..###
.. ....... ...
#.#..# #.#
###.#..#####
..... ...........
...#.###.........
...#....KrK.###.#
#......Kr@.......
#..#..#l#gg.#[..#
#..#..#.#........
..............#.#
.......l........
#.##.##.#.#......
#. #. #.#.#.....#
# # #.#........
#.##.##.#......


You could see 2 hobgoblins, 3 kobolds, a frilled lizard and 2 rats.

Vanquished Creatures
  A ball python (D:1)
1 creature vanquished.

Notes
Turn   | Place    | Note
-------+----------+-------------------------------------------
     0 | D:1      | DiggyJ the Tengu Conjurer began the quest for the Orb.
     0 | D:1      | Reached XP level 1. HP: 10/10 MP: 4/4
    96 | D:1      | Slain by a kobold

Illustrated notes

Levels and vault maps discovered:
D:1:      eino_arrival_cavern_d, layout_basic

Action                     || total
---------------------------++-------
  Melee: Unarmed           ||     6
         Kick              ||     3
         Peck              ||     2
         Punch             ||     1
 Armour: Robe              ||    14
  Dodge: Dodged            ||    32

Table legend: (Time is in decaauts)
 A = Elapsed time spent in this place.
 B = Non-inter-level travel time spent in this place.
 C = Inter-level travel time spent in this place.
 D = Time resting spent in this place.
 E = Time spent auto-exploring this place.
 F = Levels seen in this place.
 G = Mean time per level.
                   A        B        C        D        E       F      G
               +--------+--------+--------+--------+--------+-----+--------+
         Total |     96 |     96 |      0 |      0 |      0 |   1 |   96.0 |
       Dungeon |     96 |     96 |      0 |      0 |      0 |   1 |   96.0 |
               +--------+--------+--------+--------+--------+-----+--------+

Top non-repeatable levels by time:
     D:1: 96 daAuts
